Map: Ascension to Aiur LE

Players

Gosu

  • Race: Terran Terran
  • League: Master
  • Spawn Location: 5:00

Florencio - Winner!

  • Race: Protoss Protoss
  • League: Diamond
  • Spawn Location: 11:00

VOD

Have the link to the VOD?

Description

Time

  • Played on: Jan. 13, 2018, 4:41 p.m.
  • Length: 27:52
Show
View Real Time Build Order
Export as new Build Order

Gosu Terran 

Build Orders:  

Get SALT Encoding   

  12  0:00  SCV  
  13  0:12  SCV  
  14  0:17  Supply Depot  
  14  0:25  SCV  
  15  0:38  SCV  
  15  0:41  Barracks  
  16  0:46  Refinery  
  16  0:50  SCV  
  17  1:03  SCV  
  18  1:15  SCV  
  19  1:28  Marine, Orbital Command  
  20  1:46  Marine  
  21  1:53  SCV  
  22  2:04  Marine  
  23  2:20  Command Center  
  23  2:24  Supply Depot, Barracks Reactor  
  23  2:39  Factory  
  23  2:45  SCV  
  23  2:46  Refinery  
  24  2:57  SCV  
  25  3:00  Marine x2  
  27  3:09  SCV  
  24  3:18  Marine  
  25  3:21  SCV  
  25  3:24  Marine  
  21  3:32  Orbital Command  
  7  3:36  Marine  
  7  3:42  Marine  
  7  3:54  Marine  
  7  3:55  SCV  
  9  3:58  SCV  
  10  4:07  SCV  
  10  4:21  Marine  
  12  4:31  SCV  
  12  4:44  SCV  
  13  4:45  Marine  
  14  4:57  SCV  
  15  5:06  SCV  
  16  5:14  Marine  
  16  5:16  SCV  
  18  5:24  Orbital Command  
  17  5:33  SCV  
  17  5:35  Bunker  
  18  5:52  Factory  
  18  5:53  SCV  
  19  5:57  SCV  
  20  6:13  Orbital Command  
  20  6:14  SCV  
  21  6:18  Marine  
  22  6:26  SCV  
  22  6:28  Marine  
  24  6:38  SCV  
  24  6:39  SCV  
  26  6:47  Refinery  
  26  6:49  Marine  
  26  6:50  Marine, SCV  
  26  6:51  SCV  
  26  6:52  Factory Tech Lab  
  30  6:59  Refinery  
  30  7:02  SCV  
  30  7:03  SCV  
  32  7:09  Marine x2  
  32  7:14  SCV  
  32  7:15  Barracks  
  33  7:33  Marine, SCV  
  33  7:34  SCV  
  30  7:46  SCV  
  30  7:49  SCV  
  32  7:58  SCV  
  33  7:59  Stimpack  
  33  8:01  SCV  
  34  8:09  Starport, Factory Reactor  
  34  8:10  SCV  
  35  8:13  SCV  
  35  8:17  Marine  
  37  8:22  SCV  
  37  8:26  Supply Depot, SCV  
  39  8:27  Marine  
  39  8:34  SCV  
  39  8:36  Marine  
  39  8:38  SCV  
  39  8:39  Marine  
  43  8:45  Marine  
  43  8:46  SCV  
  45  8:50  SCV  
  45  8:54  Marine  
  47  8:57  Marine  
  38  9:03  Marine, SCV  
  35  9:12  Marine, Medivac  
  35  9:15  Marine  
  39  9:18  Medivac  
  39  9:20  Marine  
  39  9:22  SCV  
  44  9:24  SCV  
  44  9:29  Marine  
  45  9:34  SCV  
  45  9:36  Supply Depot, SCV  
  47  9:42  Medivac  
  49  9:46  SCV  
  49  9:48  SCV  
  49  9:49  Marine x2  
  53  9:56  Marine  
  53  9:58  SCV  
  54  10:00  Factory Tech Lab, SCV, Combat Shields  
  54  10:04  Supply Depot  
  55  10:07  Marine  
  55  10:11  Marine, SCV  
  55  10:12  SCV  
  55  10:14  Marine  
  55  10:23  SCV  
  55  10:25  Marine, SCV  
  56  10:29  Marine  
  56  10:31  Barracks, Engineering Bay  
  56  10:32  Marine  
  56  10:35  Refinery, SCV  
  59  10:40  Supply Depot  
  59  10:41  SCV  
  59  10:42  Marine  
  60  10:47  Marine  
  60  10:49  Marine  
  62  10:52  Siege Tank  
  62  10:53  SCV  
  67  11:00  Marine  
  67  11:01  Terran Infantry Weapons Level 1  
  68  11:04  Marine  
  68  11:07  Marine  
  70  11:18  Marine, Barracks Reactor  
  69  11:19  SCV  
  69  11:22  Marine, Refinery, Barracks Tech Lab  
  69  11:25  Marine, Concussive Shells  
  73  11:26  SCV  
  73  11:31  Supply Depot  
  74  11:33  Supply Depot  
  74  11:34  Siege Tank  
  74  11:35  Liberator  
  74  11:36  Marine  
  74  11:39  Liberator  
  78  11:43  Supply Depot  
  78  11:52  Marine x3, SCV x2  
  86  11:55  Marine  
  90  12:03  Supply Depot  
  90  12:05  SCV x2  
  92  12:10  Marauder  
  92  12:11  Marauder  
  96  12:20  SCV x2  
  98  12:24  Marine, Supply Depot  
  98  12:25  Supply Depot  
  97  12:32  Marauder x2  
  97  12:35  SCV  
  97  12:36  Marine  
  100  12:42  Marine  
  97  12:45  Medivac x2  
  97  12:47  Siege Tank  
  97  12:48  SCV  
  105  12:53  Marauder x2  
  109  12:58  Terran Infantry Armor Level 1  
  109  13:11  Marine  
  110  13:15  Marauder x2  
  110  13:17  Command Center  
  110  13:18  Liberator  
  114  13:20  Siege Tank  
  114  13:22  Liberator  
  114  13:26  Barracks, Supply Depot, SCV  
  118  13:27  Barracks  
  112  13:36  Marauder  
  120  13:41  Marine  
  120  13:47  Marine  
  120  13:48  Marauder  
  124  13:53  Supply Depot  
  124  13:57  Marine  
  125  14:03  Marine  
  125  14:05  Marine  
  125  14:09  Marauder  
  128  14:15  Marauder  
  129  14:18  Medivac  
  129  14:21  Marine  
  129  14:23  Marine  
  133  14:30  Marine  
  134  14:37  Marauder  
  135  14:39  Marine  
  135  14:41  Marine  
  136  14:48  Marauder  
  138  14:57  Marine  
  138  14:58  Marauder  
  138  14:59  Marine  
  142  15:10  Marauder  
  142  15:13  Barracks Tech Lab, Barracks Reactor  
  144  15:15  Marine  
  144  15:16  Marine  
  144  15:19  Marine  
  147  15:31  Marauder  
  147  15:32  Marine, Sensor Tower  
  147  15:34  Marine  
  151  15:37  Marine  
  151  15:40  Marine  
  152  15:50  Marine  
  152  15:52  Marine  
  152  15:53  Marine, Marauder  
  152  15:55  Marauder  
  149  15:58  Marauder  
  149  16:00  Marine  
  149  16:01  Supply Depot  
  152  16:08  Marine  
  152  16:10  Marine  
  152  16:11  Marine  
  155  16:13  Marine  
  155  16:16  Marine  
  155  16:18  Marine  
  153  16:19  Marine  
  154  16:26  Marine  
  154  16:28  Marine x2  
  154  16:32  Marauder  
  156  16:34  Marauder  
  156  16:36  Marine  
  156  16:37  Marauder  
  161  16:44  Marine  
  161  16:46  Marine x2  
  164  16:51  Orbital Command  
  164  16:53  Marine  
  165  17:02  Supply Depot  
  165  17:04  Supply Depot  
  165  17:08  Supply Depot  
  165  17:14  Marine x2  
  165  17:15  Marine, Marauder  
  165  17:16  Marine, Marauder  
  165  17:17  Marauder, Siege Tank  
  148  17:32  Marine x2  
  148  17:33  Marine x2  
  156  17:37  Marauder x2  
  156  17:38  Marauder  
  156  17:40  Liberator  
  158  17:49  Marine  
  158  17:50  Marine  
  160  17:51  Marine x2  
  169  17:58  Marauder x2  
  169  17:59  Marine  
  170  18:07  Marine  
  170  18:08  Marine  
  170  18:09  Marine x2  
  178  18:25  Marine  
  180  18:27  Marine x2  
  173  18:47  Marine  
  153  20:10  Orbital Command  
  105  20:48  SCV  
  105  20:50  Refinery  
  105  20:51  Refinery  
  105  20:54  Barracks, Command Center  
  98  21:00  Missile Turret, SCV  
  98  21:03  Missile Turret  
  98  21:12  SCV  
  99  21:22  Command Center  
  71  22:25  Missile Turret  
  71  22:26  Command Center  
  64  22:44  Missile Turret  
  64  23:11  Command Center  
  64  23:16  Command Center  
  64  24:46  Barracks  
  64  24:53  SCV x2  
  65  25:05  SCV  
  65  25:06  SCV  
  67  25:17  SCV  
  68  25:35  Orbital Command  
  68  25:58  Orbital Command  
  224  26:32  Orbital Command  
  59  26:35  Barracks  
  59  26:36  SCV  
  58  26:48  SCV  
  56  27:15  Marine  
  53  27:23  SCV  
Show
View Real Time Build Order
Export as new Build Order

Florencio Protoss - Winner!

Build Orders: 1 Gate Expand 

Get SALT Encoding   

  12  0:00  Probe  
  13  0:13  Probe  
  14  0:19  Pylon  
  14  0:25  Probe  
  15  0:37  Probe  
  15  0:42  Gateway  
  16  0:49  Probe  
  17  1:04  Pylon  
  17  1:12  Gateway  
  17  1:19  Pylon  
  17  1:29  Pylon  
  17  1:40  Nexus  
  17  1:45  Zealot (Chrono Boost)  
  17  1:46  Pylon  
  19  1:55  Gateway  
  19  2:04  Zealot (Chrono Boost)  
  19  2:06  Zealot (Chrono Boost)  
  22  2:16  Pylon  
  22  2:21  Probe  
  23  2:32  Zealot x2  
  27  2:38  Cybernetics Core  
  24  3:55  Probe (Chrono Boost)  
  25  4:05  Probe (Chrono Boost)  
  25  4:07  Assimilator  
  26  4:11  Assimilator  
  26  4:45  Probe  
  27  4:48  Zealot x2  
  31  5:00  Probe  
  34  5:24  Probe (Chrono Boost)  
  35  5:29  Adept x2  
  35  5:33  Probe (Chrono Boost)  
  35  5:35  Pylon  
  38  5:41  Nexus  
  38  5:51  Gateway  
  38  5:54  Gateway  
  40  5:59  Adept (Chrono Boost), Probe  
  41  6:05  Adept (Chrono Boost)  
  43  6:23  Probe  
  44  6:33  Twilight Council  
  44  6:34  Adept  
  44  6:35  Probe  
  47  6:53  Adept x2, Pylon  
  51  6:55  Pylon  
  51  7:06  Probe  
  51  7:08  Probe  
  53  7:18  Probe  
  53  7:20  Probe  
  37  7:37  Resonating Glaives (Chrono Boost)  
  37  7:40  Adept x3  
  37  7:41  Adept  
  43  7:48  Robotics Facility  
  44  7:51  Probe (Chrono Boost)  
  44  8:00  Assimilator  
  44  8:03  Probe (Chrono Boost)  
  44  8:04  Assimilator  
  46  8:07  Adept, Probe (Chrono Boost)  
  48  8:19  Adept x3  
  54  8:22  Probe  
  55  8:36  Adept  
  57  8:43  Robotics Bay  
  57  8:46  Adept  
  55  9:03  Adept x2  
  55  9:05  Adept  
  51  9:10  Probe  
  52  9:18  Pylon  
  52  9:21  Pylon  
  52  9:23  Probe  
  53  9:34  Templar Archives  
  53  9:35  Probe  
  54  9:39  Probe  
  55  9:46  Colossus (Chrono Boost)  
  55  9:47  Probe  
  55  9:51  Probe  
  63  9:58  Stalker  
  63  9:59  Probe  
  66  10:03  Probe  
  67  10:11  Probe  
  56  10:23  Stalker (Chrono Boost)  
  56  10:27  Pylon  
  56  10:28  Psionic Storm  
  56  10:30  Stalker x2 (Chrono Boost)  
  56  10:35  Pylon  
  56  10:39  Extended Thermal Lance  
  56  10:49  Stalker (Chrono Boost)  
  58  10:52  Pylon  
  58  10:58  Stalker  
  58  10:59  Stalker  
  56  11:19  Colossus  
  66  11:27  Probe, Pylon  
  66  11:30  High Templar (Chrono Boost)  
  66  11:31  High Templar (Chrono Boost)  
  68  11:40  Probe  
  68  11:49  Stalker (Chrono Boost)  
  68  11:51  Stalker (Chrono Boost)  
  68  11:52  Probe  
  73  11:57  Pylon  
  73  11:59  Pylon  
  73  12:04  Probe  
  73  12:10  Stalker x2  
  77  12:16  Observer  
  77  12:19  Stalker  
  77  12:21  High Templar  
  84  12:47  High Templar (Chrono Boost)  
  84  12:51  Stalker (Chrono Boost)  
  84  12:52  Colossus  
  84  12:56  Pylon  
  94  12:58  Stalker (Chrono Boost)  
  94  13:07  Stargate  
  94  13:33  Stalker x3  
  100  13:46  Pylon  
  100  13:47  Colossus  
  106  14:12  Void Ray  
  110  14:17  Fleet Beacon  
  110  14:42  Stalker  
  110  14:43  Stalker  
  114  14:51  Nexus  
  114  14:54  Void Ray (Chrono Boost)  
  114  14:55  Pylon  
  118  15:09  Assimilator  
  118  15:12  Probe  
  118  15:13  Warp Gate, Assimilator  
  120  15:19  Mothership (Chrono Boost)  
  120  15:24  Probe  
  118  16:40  Stalker x3  
  124  16:54  Void Ray  
  99  17:37  Stalker x4  
  99  17:38  Void Ray  
  99  17:42  Nexus  
  111  17:46  Pylon  
  111  18:07  Probe  
  112  18:13  Nexus  
  112  18:17  Stalker x3  
  112  18:19  Probe  
  90  19:14  Nexus  
  30  22:57  Nexus  
  30  22:58  Pylon  
  30  23:11  Nexus  
  30  23:16  Probe  
  31  23:43  Probe  
  31  23:53  Gateway  
  31  24:15  Pylon  
  31  24:30  Assimilator  
  31  24:40  Assimilator  
  31  25:06  Cybernetics Core, Zealot  
  33  25:20  Probe  
  34  25:25  Pylon  
  34  26:01  Stalker  
  34  26:03  Probe  
  30  26:43  Stalker (Chrono Boost)  
  32  27:04  Probe  
  33  27:10  Stalker (Chrono Boost)  
  35  27:16  Probe  
Tags
 
Add a new tag
Caveats
  • Supply blocks, unpowered buildings, or Contaminate may cause inaccurate times.
  • Supply counts are checked every 10 seconds.